 Dungeon Crawl Stone Soup version 0.27.1-33-g824d729ab1 (webtiles) character file.

Game seed: 4607000938134347154

128 zeram the Chopper (level 5, 0/45 HPs)
             Began as a Hill Orc Fighter on Dec 16, 2021.
             Killed by nerve-wracking pain
             ... invoked by an orc priest
              (8 damage)
             ... on level 3 of the Dungeon.
             The game lasted 00:03:03 (3043 turns).

zeram the Chopper (Hill Orc Fighter)                Turns: 3043, Time: 00:03:03

Health: 0/45       AC:  7    Str: 20    XL:     5   Next: 12%
Magic:  5/5        EV: 11    Int:  8    God:
Gold:   117        SH:  9    Dex: 10    Spells: 4/4 levels left

rFire    . . .     SeeInvis .   a - +2 war axe
rCold    . . .     Faith    .   c - +0 kite shield
rNeg     . . .     Spirit   .   b - +0 scale mail
rPois    .         Reflect  .   (no helmet)
rElec    .         Harm     .   (no cloak)
rCorr    .         Rampage  .   (no gloves)
Will     .....                  (no boots)
Stlth    ..........             (no amulet)
HPRegen  0.15/turn              f - +4 ring of evasion
MPRegen  0.09/turn              (no ring)

@: no status effects
A: no striking features
a: Convert to Beogh


You were on level 3 of the Dungeon.
You visited 1 branch of the dungeon, and saw 3 of its levels.

You collected 117 gold pieces.

Inventory:

Hand Weapons
 a - a +2 war axe (weapon)
Missiles
 i - a throwing net (quivered)
Armour
 b - a +0 scale mail (worn)
 c - a +0 kite shield (worn)
Jewellery
 f - a +4 ring of evasion (left hand)
Scrolls
 g - a scroll of teleportation
Potions
 d - a potion of might
 e - 2 potions of curing
 j - 2 potions of heal wounds
 l - a potion of resistance


   Skills:
 - Level 3.6 Fighting
 + Level 4.9 Axes
 + Level 4.0 Armour
 + Level 0.6 Dodging
 + Level 4.4 Shields


You had 4 spell levels left.
You didn't know any spells.
Your spell library contained the following spells:

 Spells                   Type           Power      Damage    Failure   Level
 Apportation              Tloc           0%         N/A       99%         1
 Shock                    Conj/Air       0%         1d3       99%         1
 Blink                    Tloc           N/A        N/A       100%        2
 Searing Ray              Conj           0%         3d3       100%        2
 Lesser Beckoning         Tloc           0%         N/A       100%        3
 Swiftness                Air            0%         N/A       100%        3
 Airstrike                Air            0%         N/A       100%        4
 Freezing Cloud           Conj/Ice/Air   0%         6-21      100%        5
 Manifold Assault         Tloc           0%         N/A       100%        5
 Summon Forest            Summ/Tloc      0%         N/A       100%        5
 Iron Shot                Conj/Erth      0%         9d1       100%        6


Dungeon Overview and Level Annotations

Branches:
Dungeon (3/15)

Altars:
Zin


Message History

The orc priest threatens, "By the altar or by the axe, you will meet Beogh!"
You hit the orc. The orc hits you with a +0 mace. You block the orc's attack.
The orc hits you with a +0 mace. The orc misses you.
You slash the orc!
You kill the orc!
You slash the orc!
You kill the orc!
You hit the orc.
The orc is moderately wounded.
The orc closely misses you.
The orc priest invokes the aid of Beogh against you.
Beogh smites you!
Unknown command.
You barely miss the orc priest.
The orc priest shouts, "Join the one true god or die!"
You hit the orc. The orc hits you but does no damage.
The orc priest barely misses you.
You slash the orc!
You kill the orc!
You closely miss the orc priest. You closely miss the orc.
The orc hits you but does no damage. The orc priest closely misses you.
You block the orc's attack.
The orc priest calls upon Beogh to heal the orc.
The orc's wounds heal themselves!
You closely miss the orc priest. You hit the orc.
The orc hits you but does no damage.
The orc priest mumbles some strange prayers to Beogh against you.
Beogh smites you!
* * * LOW HITPOINT WARNING * * *
You are too injured to fight recklessly!
Unknown command.
You hit the orc priest.
The orc priest is lightly wounded.
Your shield prevents you from hitting the orc.
The orc closely misses you. You block the orc priest's attack.
The orc hits you with a +0 hand axe.
* * * LOW HITPOINT WARNING * * *
The orc priest invokes the aid of Beogh against you.
Pain shoots through your body!
You die...

#..##.###.......#
##.##.# #########
#.##.#
#..#.##############
##.#††.............
#.................
##................
#.........o......
##>......@)......
#.......)o......
#...............
#...............
#...............
#...............
################


You could see an orc priest and an orc.

Vanquished Creatures
  5 adders
  A worm (D:2)
  3 dart slugs
  3 orcs (D:3)
  10 endoplasms
  5 giant cockroaches
  6 goblins
  6 hobgoblins
  2 jackals (D:2)
  4 kobolds
  3 quokkas
  A ball python (D:3)
  3 bats
  7 frilled lizards
  8 rats
67 creatures vanquished.

Vanquished Creatures (others)
  4 demonic plants (D:2)
  4 fungi (D:2)
  4 plants (D:2)
12 creatures vanquished.

Grand Total: 79 creatures vanquished

Notes
Turn   | Place    | Note
-------+----------+-------------------------------------------
     0 | D:1      | zeram the Hill Orc Fighter began the quest for the Orb.
     0 | D:1      | Reached XP level 1. HP: 19/19 MP: 1/1
   281 | D:1      | Reached XP level 2. HP: 24/26 MP: 2/2
   721 | D:1      | Reached XP level 3. HP: 24/31 MP: 3/3
  1751 | D:2      | Found a faded altar of an unknown god.
  1774 | D:2      | Got the Collected Works on Arcane Weapons and the Voyage
  1999 | D:2      | Reached XP level 4. HP: 39/39 MP: 4/4
  2560 | D:3      | Found a glowing silver altar of Zin.
  3030 | D:3      | Reached XP level 5. HP: 44/45 MP: 5/5
  3043 | D:3      | Killed from afar by an orc priest

Illustrated notes

Levels and vault maps discovered:
D:1:      sevenhm_arrival_forest_fort_large_1, layout_basic, roderic_lattice_a
D:2:      layout_basic, shapermc_ecumenical_altar_gd, grunt_decor_cap,
          kennysheep_generic_room_10
D:3:      layout_basic, lemuel_crystal_altar, st_stairs_5,
          amcnicky_mini_rare_corridor_liquid, minmay_fountain_box,
          minmay_misc_feat_enclosed

Skill      XL: |  1  2  3  4 |
---------------+-------------+-----
Axes           | 3 4 |  4.9
Shields        | 4 |  4.4
Armour         | 4 |  4.0
Fighting       | |  3.6
Dodging        | |  0.6

Action                   |  1- 3 |  4- 6 || total
-------------------------+-------+-------++-------
Melee: War axe           |   143 |    75 ||   218
  Use: Scroll            |       |     7 ||     7
Armor: Scale mail        |    57 |    22 ||    79
Dodge: Dodged            |    76 |    42 ||   118
Block: Kite shield       |    97 |    43 ||   140
